 Dungeon Crawl Stone Soup version 0.29.0-4-gdea44cf6ec (webtiles) character file.

Game seed: 3178384822481110399

6802 qw the Cleaver (level 11, 0/68 HPs)
             Began as a Gargoyle Berserker on Sept 5, 2022.
             Was a Priest of Trog.
             Slain by a nine-headed hydra (8 damage)
             ... on level 10 of the Dungeon.
             The game lasted 00:04:09 (12706 turns).

qw the Cleaver (Gargoyle Berserker)                Turns: 12706, Time: 00:04:10

Health: 0/68       AC: 25    Str: 31    XL:     11   Next: 5%
Magic:  11/11      EV: 12    Int:  8    God:    Trog [***...]
Gold:   53         SH:  9    Dex:  9    Spells: 10/10 levels left

rFire   . . .      SeeInvis .   k - +0 broad axe
rCold   . . .      Faith    .   a - +0 kite shield
rNeg    + . .      Spirit   .   d - +0 chain mail
rPois   inf        Reflect  .   m - +2 helmet
rElec   +          Harm     .   r - +0 cloak
rCorr   .          Rampage  .   (no gloves)
Will    .....                   b - +1 pair of boots
Stlth   ..........              (no amulet)
HPRegen 0.21/turn               g - +6 ring of strength
MPRegen 0.12/turn               v - +4 ring of evasion

@: on berserk cooldown, slowed, very slow
A: sickness immunity, AC +8, negative energy resistance 1, electricity
resistance, torment resistance 1, petrification resistance
a: Renounce Religion, Berserk, Trog's Hand


You were on level 10 of the Dungeon.
You worshipped Trog.
Trog was most pleased with you.
You visited 1 branch of the dungeon, and saw 10 of its levels.
You also visited: Ossuary.

You collected 388 gold pieces.
You spent 335 gold pieces at shops.


Innate Abilities, Weirdness & Mutations

You are immune to sickness and miasma.
Your stone body is resilient. (AC +8)
You are immune to poison.
You resist negative energy. (rN+)
You are resistant to electric shocks. (rElec)
You are resistant to unholy torment.
You are immune to petrification.


   Skills:
 - Level 8.1 Fighting
 - Level 10.5 Axes
 - Level 2.6 Throwing
 - Level 6.5 Armour
 - Level 2.5 Dodging
 + Level 8.3 Shields


You had 10 spell levels left.
You didn't know any spells.
Your spell library was empty.

Inventory:

Hand Weapons
 k - a +0 broad axe (weapon)
 s - a +0 morningstar
Missiles
 t - a boomerang
 w - 2 javelins (quivered)
Armour
 a - a +0 kite shield (worn)
 b - a +1 pair of boots (worn)
 d - a +0 chain mail (worn)
 m - a +2 helmet (worn)
 r - a +0 cloak (worn)
Jewellery
 g - a +6 ring of strength (left hand)
 o - a ring of fire
 v - a +4 ring of evasion (right hand)
Scrolls
 h - a scroll of identify
 i - 9 scrolls of teleportation
Potions
 c - 4 potions of curing
 e - 2 potions of mutation
 f - a potion of haste
 j - 2 potions of resistance
 l - a potion of might
 n - a potion of ambrosia {unknown}
 p - a potion of magic {unknown}
 q - a potion of heal wounds
 u - a potion of attraction {unknown}

Dungeon Overview and Level Annotations

Branches:
Dungeon (10/15)            Temple (0/1) D:5         Ossuary (visited)
   Lair: D:8-11         Orc: D:9-12

Altars:
Ashenzari
Fedhas
Gozag
Qazlal
Uskayaw
The Shining One

Shops:
D:1 :   D:7 [   D:9 *

Portals:
Bailey: D:10


Message History

The seven-headed hydra bites you but does no damage. x2
The seven-headed hydra completely misses you.
The seven-headed hydra bites you!
The seven-headed hydra bites you but does no damage.
You barely miss the seven-headed hydra.
The seven-headed hydra is moderately wounded.
You slash the centaur warrior!
The centaur warrior unwields a +0 shortbow.
The centaur warrior hits you but does no damage.
The centaur warrior kicks you but does no damage.
You block the seven-headed hydra's attack. x2
The seven-headed hydra bites you but does no damage.
The seven-headed hydra bites you! The seven-headed hydra bites you.
The seven-headed hydra bites you but does no damage. x2
You chop one of the seven-headed hydra's heads off!
The six-headed hydra grows two more!
You slash the eight-headed hydra!
The eight-headed hydra is moderately wounded.
You hit the centaur warrior. You block the centaur warrior's attack.
The centaur warrior kicks you but does no damage.
The eight-headed hydra closely misses you.
You block the eight-headed hydra's attack.
The eight-headed hydra bites you but does no damage.
You block the eight-headed hydra's attack.
The eight-headed hydra barely misses you.
The eight-headed hydra bites you but does no damage.
The eight-headed hydra bites you.
The eight-headed hydra bites you but does no damage.
You slice the centaur warrior!!
The centaur warrior is almost dead.
You hack one of the eight-headed hydra's heads off!
The seven-headed hydra grows two more!
You slash the nine-headed hydra!
You are no longer berserk.
You are exhausted.
You feel yourself slow down.
You hear an angry hiss.
The centaur warrior closely misses you.
The centaur warrior kicks you but does no damage.
The nine-headed hydra bites you!
You die...

#......#..#
#......#
#......#.#######.#
.......#.........#
#......#####.####
#......##.......##
####...#..#####..#
#..#...#.## ##.#
...#...#.# #@#
...#.....# #cD#
...###.#.# #.##
.......#.# #.#
.......#.. ..#
.......##.. .##
#####..# ### #
.......# .......#


You could see a nine-headed hydra and a centaur warrior.

Vanquished Creatures
  A catoblepas (D:10)
  A two-headed ogre (D:8)
  Joseph (D:7)
  A yaktaur (D:10)
  A troll (D:6)
  Sigmund (D:2)
  A shadow (D:9)
  3 yaks (D:10)
  A steam dragon (D:7)
  A water moccasin (D:6)
  2 orc warriors
  4 sky beasts
  2 ice beasts
  5 black bears
  2 ogres
  5 bullfrogs
  A scorpion (D:7)
  3 water moccasin zombies (Ossuary)
  4 wights
  6 killer bees (D:9)
  An electric eel (D:8)
  3 howler monkeys
  2 centaur zombies (Ossuary)
  3 bullfrog zombies (Ossuary)
  A hound (D:7)
  11 jellies
  4 iguanas
  9 orc priests
  8 orc wizards
  3 ogre zombies (Ossuary)
  A gnoll (D:1)
  5 adders
  A shadow imp (D:7)
  A white imp (D:8)
  An ufetubus (D:5)
  3 adder zombies (Ossuary)
  3 worms
  A dart slug (D:2)
  34 orcs
  6 endoplasms
  5 giant cockroaches
  2 gnoll zombies (Ossuary)
  7 goblins
  4 hobgoblins
  6 jackals
  7 quokkas
  5 ball pythons
  6 bats
  A frilled lizard (D:2)
  2 goblin zombies
  7 hobgoblin zombies (Ossuary)
  5 kobolds
  3 orc zombies (Ossuary)
  7 rats (D:1)
  A rat zombie (D:8)
215 creatures vanquished.

Notes
Turn   | Place    | Note
-------+----------+-------------------------------------------
     0 | D:1      | qw the Gargoyle Berserker began the quest for the Orb.
     0 | D:1      | Reached XP level 1. HP: 14/14 MP: 1/1
     0 | D:1      | 0 ||| qw: Version: 0.1-a-104-g96f76f8
     0 | D:1      | 0 ||| qw: Game counter: 5856
     0 | D:1      | 0 ||| qw: Always use a shield: true
     0 | D:1      | 0 ||| qw: Do Orc after D:15 true
     0 | D:1      | 0 ||| qw: Do second Lair branch before Depths: true
     0 | D:1      | 0 ||| qw: Lair rune preference: random
     0 | D:1      | 0 ||| qw: Plans: Normal
     0 | D:1      | 0 ||| PLANNING D:1-11
    55 | D:1      | 55 ||| INVOKING Berserk.
    57 | D:1      | Reached skill level 3 in Axes
    57 | D:1      | Found Jesas's Book Shop.
    73 | D:1      | 73 ||| Stepping ~*~*~tactically~*~*~ (stealth).
    96 | D:1      | 96 ||| Stepping ~*~*~tactically~*~*~ (stealth).
   103 | D:1      | Reached XP level 2. HP: 11/19 MP: 2/2
   134 | D:1      | 134 ||| Stepping ~*~*~tactically~*~*~ (stealth).
   135 | D:1      | 135 ||| Stepping ~*~*~tactically~*~*~ (stealth).
   137 | D:1      | 137 ||| Stepping ~*~*~tactically~*~*~ (stealth).
   139 | D:1      | 139 ||| Stepping ~*~*~tactically~*~*~ (stealth).
   140 | D:1      | 140 ||| Stepping ~*~*~tactically~*~*~ (stealth).
   274 | D:1      | 274 ||| READING scroll labelled ENUMYBA ZUAJ.
   945 | D:1      | 945 ||| INVOKING Berserk.
   951 | D:1      | Reached XP level 3. HP: 23/23 MP: 3/3
  1129 | D:1      | Found a faded altar of an unknown god.
  1189 | D:1      | Reached skill level 4 in Axes
  1210 | D:1      | 1210 ||| UPGRADING to +6 ring of strength.
  1211 | D:1      | 1211 ||| READING scroll labelled KIUFAT VALO.
  1216 | D:1      | 1216 ||| READING scroll labelled SOKHUX ZESOITT.
  1439 | D:2      | 1439 ||| Stepping ~*~*~tactically~*~*~ (stealth).
  1450 | D:2      | Noticed Sigmund
  1457 | D:2      | 1457 ||| INVOKING Berserk.
  1462 | D:2      | Killed Sigmund
  1462 | D:2      | Reached ** piety under Trog
  1463 | D:2      | Reached skill level 5 in Axes
  1463 | D:2      | Reached XP level 4. HP: 28/28 MP: 4/4
  1463 | D:2      | Reached XP level 5. HP: 32/32 MP: 5/5
  1999 | D:2      | 1999 ||| Stepping ~*~*~tactically~*~*~ (stealth).
  2001 | D:2      | 2001 ||| Stepping ~*~*~tactically~*~*~ (stealth).
  2159 | D:2      | 2159 ||| UPGRADING to +0 helmet.
  2164 | D:2      | 2164 ||| READING scroll of enchant armour.
  2164 | D:2      | 2164 ||| ENCHANTING +0 helmet.
  2165 | D:2      | 2165 ||| READING scroll labelled SEZOAGHUREC.
  2166 | D:2      | 2166 ||| READING scroll labelled ZUHEMY FIPHA.
  2167 | D:2      | 2167 ||| DRINKING 3 metallic golden potions.
  2168 | D:2      | 2168 ||| DROPPING 2 potions of flight.
  2285 | D:3      | 2285 ||| Stepping ~*~*~tactically~*~*~ (stealth).
  2290 | D:3      | Reached XP level 6. HP: 38/38 MP: 6/6
  2343 | D:3      | 2343 ||| Stepping ~*~*~tactically~*~*~ (stealth).
  2385 | D:3      | 2385 ||| Stepping ~*~*~tactically~*~*~ (stealth).
  2386 | D:3      | 2386 ||| Stepping ~*~*~tactically~*~*~ (stealth).
  2806 | D:3      | 2806 ||| Stepping ~*~*~tactically~*~*~ (stealth).
  2808 | D:3      | 2808 ||| Stepping ~*~*~tactically~*~*~ (stealth).
  2841 | D:3      | Found a blossoming altar of Fedhas.
  2842 | D:3      | Found a stormy altar of Qazlal.
  2878 | D:3      | Noticed a black bear
  2883 | D:3      | 2883 ||| INVOKING Berserk.
  2887 | D:3      | Killed a black bear
  3193 | D:3      | 3193 ||| READING scroll labelled YWOGOO ZILYCRU.
  3264 | D:4      | 3264 ||| Stepping ~*~*~tactically~*~*~ (stealth).
  3266 | D:4      | 3266 ||| Stepping ~*~*~tactically~*~*~ (stealth).
  3403 | D:4      | Reached skill level 6 in Axes
  3498 | D:4      | Found a broken altar of Ashenzari.
  3769 | D:4      | 3769 ||| Stepping ~*~*~tactically~*~*~ (stealth).
  3770 | D:4      | 3770 ||| Stepping ~*~*~tactically~*~*~ (stealth).
  3783 | D:4      | 3783 ||| Stepping ~*~*~tactically~*~*~ (stealth).
  3790 | D:4      | 3790 ||| Stepping ~*~*~tactically~*~*~ (stealth).
  3805 | D:4      | 3805 ||| Stepping ~*~*~tactically~*~*~ (stealth).
  3890 | D:4      | 3890 ||| UPGRADING to +0 ring mail.
  3900 | D:4      | 3900 ||| DROPPING +0 animal skin.
  3901 | D:4      | 3901 ||| READING scroll labelled HILYAR KECY.
  3902 | D:4      | 3902 ||| DRINKING 2 metallic purple potions.
  3903 | D:4      | 3903 ||| DRINKING 2 fuming emerald potions.
  3943 | D:5      | Entered Level 5 of the Dungeon
  3947 | D:5      | 3947 ||| INVOKING Berserk.
  3950 | D:5      | Reached XP level 7. HP: 44/44 MP: 7/7
  3967 | D:5      | 3967 ||| STAIRDANCE
  4091 | D:5      | 4091 ||| INVOKING Berserk.
  4091 | D:5      | HP: 12/66 [ice beast (12)]
  4390 | D:5      | 4390 ||| INVOKING Berserk.
  4535 | D:5      | 4535 ||| Stepping ~*~*~tactically~*~*~ (stealth).
  4537 | D:5      | 4537 ||| INVOKING Berserk.
  4546 | D:5      | Reached skill level 7 in Axes
  4763 | D:5      | 4763 ||| SWAPPING to +0 vampiric hand axe.
  4764 | D:5      | 4764 ||| DROPPING +0 hand axe.
  4768 | D:5      | 4768 ||| DROPPING +0 whip.
  4789 | D:5      | Found an opulent altar of Gozag.
  4846 | D:5      | 4846 ||| INVOKING Berserk.
  5039 | D:5      | Found a staircase to the Ecumenical Temple.
  5045 | D:5      | 5045 ||| Stepping ~*~*~tactically~*~*~ (stealth).
  5046 | D:5      | 5046 ||| Stepping ~*~*~tactically~*~*~ (stealth).
  5092 | D:5      | 5092 ||| INVOKING Berserk.
  5101 | D:5      | Reached XP level 8. HP: 49/49 MP: 8/8
  5328 | D:5      | 5328 ||| INVOKING Berserk.
  5331 | D:5      | Reached skill level 8 in Axes
  5681 | D:5      | 5681 ||| INVOKING Berserk.
  5953 | D:5      | 5953 ||| READING scroll labelled OMYIDOANNE.
  5954 | D:5      | 5954 ||| READING scroll labelled TOV APPAEPS.
  5955 | D:5      | 5955 ||| READING 3 scrolls of identify.
  5955 | D:5      | 5955 ||| IDENTIFYING golden potion
  5956 | D:5      | 5956 ||| READING 2 scrolls of identify.
  5956 | D:5      | 5956 ||| IDENTIFYING glowing silvery potion
  5957 | D:5      | 5957 ||| DROPPING potion of berserk rage.
  5971 | D:6      | 5971 ||| INVOKING Berserk.
  5978 | D:6      | 5978 ||| STAIRDANCE
  6158 | D:6      | Reached skill level 6 in Fighting
  6223 | D:6      | Noticed a troll
  6226 | D:6      | 6226 ||| INVOKING Berserk.
  6234 | D:6      | Killed a troll
  6377 | D:6      | 6377 ||| Stepping ~*~*~tactically~*~*~ (hiding).
  6410 | D:6      | Reached skill level 9 in Axes
  6519 | D:6      | 6519 ||| Stepping ~*~*~tactically~*~*~ (stealth).
  6546 | D:6      | Reached XP level 9. HP: 39/57 MP: 9/9
  6932 | D:6      | 6932 ||| INVOKING Berserk.
  7068 | D:6      | 7068 ||| INVOKING Berserk.
  7195 | D:6      | 7195 ||| INVOKING Berserk.
  7308 | D:6      | 7308 ||| INVOKING Berserk.
  7449 | D:6      | 7449 ||| UPGRADING to +1 pair of boots.
  7454 | D:6      | 7454 ||| READING scroll labelled AMIEPOHENU.
  7455 | D:6      | 7455 ||| READING 2 scrolls of identify.
  7455 | D:6      | 7455 ||| IDENTIFYING murky pink potion
  7456 | D:6      | 7456 ||| DROPPING potion of degeneration.
  7493 | D:7      | Found Deont's Antique Armour Boutique.
  7508 | D:7      | 7508 ||| INVOKING Berserk.
  7519 | D:7      | Reached skill level 3 in Armour
  7545 | D:7      | 7545 ||| FLEEEEING.
  7546 | D:7      | 7546 ||| FLEEEEING.
  7547 | D:7      | 7547 ||| FLEEEEING.
  7548 | D:7      | 7548 ||| FLEEEEING.
  7549 | D:7      | 7549 ||| STAIRDANCE
  7572 | D:6      | 7572 ||| READING scroll labelled BAATRI DO ODGHE.
  7605 | D:7      | 7605 ||| SHOPLISTING pair of runed boots (240 gold, have
                  | 226).
  7605 | D:7      | 7605 ||| SHOPLISTING twisted ring mail (288 gold, have
                  | 226).
  7609 | D:7      | 7609 ||| Stepping ~*~*~tactically~*~*~ (hiding).
  7614 | D:7      | 7614 ||| INVOKING Berserk.
  7707 | D:7      | 7707 ||| INVOKING Berserk.
  7710 | D:7      | Reached skill level 1 in Throwing
  8041 | D:7      | Noticed Joseph
  8069 | D:7      | 8069 ||| INVOKING Berserk.
  8072 | D:7      | Killed Joseph
  8073 | D:7      | Reached skill level 10 in Axes
  8220 | D:7      | Found a glowing golden altar of the Shining One.
  8246 | D:7      | 8246 ||| DRINKING 2 potions of curing.
  8246 | D:7      | 8246 ||| (to cure confusion)
  8358 | D:7      | 8358 ||| INVOKING Berserk.
  8779 | D:7      | 8779 ||| INVOKING Berserk.
  9104 | D:7      | 9104 ||| UPGRADING to +0 scale mail.
  9114 | D:7      | 9114 ||| UPGRADING to +0 chain mail.
  9124 | D:7      | 9124 ||| DROPPING +0 scale mail.
  9125 | D:7      | 9125 ||| DROPPING +0 ring mail.
  9145 | D:8      | 9145 ||| PLANNING OSSUARY
  9235 | D:8      | 9235 ||| INVOKING Berserk.
  9239 | D:8      | Reached XP level 10. HP: 64/64 MP: 10/10
  9392 | D:8      | 9392 ||| Stepping ~*~*~tactically~*~*~ (hiding).
  9507 | D:8      | Noticed a two-headed ogre
  9511 | D:8      | 9511 ||| INVOKING Berserk.
  9521 | D:8      | Killed a two-headed ogre
  9522 | D:8      | Reached skill level 6 in Armour
  9649 | D:8      | 9649 ||| INVOKING Berserk.
  9783 | D:8      | Found a sand-covered staircase.
  9784 | D:8      | 9784 ||| UPGRADING to +0 kite shield.
  9800 | Ossuary  | Entered an ossuary
  9875 | Ossuary  | Reached skill level 1 in Shields
  9916 | Ossuary  | Reached *** piety under Trog
 10136 | Ossuary  | Reached skill level 3 in Shields
 10269 | Ossuary  | 10269 ||| DRINKING 3 fizzy green potions.
 10293 | Ossuary  | 10293 ||| DROPPING 2 potions of lignification.
 10297 | D:8      | 10297 ||| PLANNING D:1-11
 10297 | D:8      | 10297 ||| READING scroll of enchant armour.
 10297 | D:8      | 10297 ||| ENCHANTING +1 helmet.
 10400 | D:8      | 10400 ||| INVOKING Berserk.
 10596 | D:8      | 10596 ||| INVOKING Berserk.
 11121 | D:8      | 11121 ||| READING scroll labelled PECZIE HEMOCEN.
 11122 | D:8      | 11122 ||| READING scroll labelled SOZ XEPYASA.
 11123 | D:8      | 11123 ||| READING 3 scrolls of identify.
 11123 | D:8      | 11123 ||| IDENTIFYING orange potion
 11124 | D:8      | 11124 ||| READING 2 scrolls of identify.
 11124 | D:8      | 11124 ||| IDENTIFYING cyan potion
 11125 | D:8      | 11125 ||| DROPPING potion of invisibility.
 11182 | D:9      | 11182 ||| Stepping ~*~*~tactically~*~*~ (stealth).
 11280 | D:9      | 11280 ||| Stepping ~*~*~tactically~*~*~ (stealth).
 11285 | D:9      | 11285 ||| INVOKING Berserk.
 11318 | D:9      | 11318 ||| Stepping ~*~*~tactically~*~*~ (stealth).
 11350 | D:9      | 11350 ||| Stepping ~*~*~tactically~*~*~ (stealth).
 11355 | D:9      | 11355 ||| Stepping ~*~*~tactically~*~*~ (hiding).
 11356 | D:9      | 11356 ||| Stepping ~*~*~tactically~*~*~ (hiding).
 11449 | D:9      | 11449 ||| Stepping ~*~*~tactically~*~*~ (hiding).
 11450 | D:9      | 11450 ||| Stepping ~*~*~tactically~*~*~ (hiding).
 11473 | D:9      | 11473 ||| FLEEEEING.
 11735 | D:9      | Found Luwyeloa's Assorted Antiques.
 11739 | D:9      | 11739 ||| BUYING blue potion (23 gold).
 11739 | D:9      | Bought a blue potion for 23 gold pieces
 11739 | D:9      | 11739 ||| BUYING broad axe (104 gold).
 11739 | D:9      | Bought a broad axe for 104 gold pieces
 11739 | D:9      | 11739 ||| BUYING copper ring (130 gold).
 11739 | D:9      | Bought a copper ring for 130 gold pieces
 11739 | D:9      | 11739 ||| BUYING potion of curing (78 gold).
 11739 | D:9      | Bought a potion of curing for 78 gold pieces
 11739 | D:9      | 11739 ||| SHOPLISTING scroll labelled YNLUTOSOOT (26 gold,
                  | have 12).
 11739 | D:9      | 11739 ||| SWAPPING to +0 broad axe.
 11740 | D:9      | 11740 ||| DROPPING +0 vampiric hand axe.
 12009 | D:9      | 12009 ||| FLEEEEING.
 12010 | D:9      | 12010 ||| FLEEEEING.
 12013 | D:9      | 12013 ||| FLEEEEING.
 12014 | D:9      | 12014 ||| FLEEEEING.
 12015 | D:9      | 12015 ||| FLEEEEING.
 12016 | D:9      | 12016 ||| FLEEEEING.
 12017 | D:9      | 12017 ||| FLEEEEING.
 12018 | D:9      | 12018 ||| FLEEEEING.
 12019 | D:9      | 12019 ||| FLEEEEING.
 12020 | D:9      | 12020 ||| FLEEEEING.
 12021 | D:9      | 12021 ||| FLEEEEING.
 12022 | D:9      | 12022 ||| FLEEEEING.
 12023 | D:9      | 12023 ||| FLEEEEING.
 12130 | D:9      | 12130 ||| Invisible monster not found???
 12267 | D:9      | Reached skill level 6 in Shields
 12463 | D:9      | 12463 ||| UPGRADING to +0 cloak.
 12468 | D:9      | 12468 ||| UPGRADING to +4 ring of evasion.
 12469 | D:9      | 12469 ||| DRINKING 2 blue potions.
 12484 | D:10     | Entered Level 10 of the Dungeon
 12485 | D:10     | Found a flagged portal.
 12486 | D:10     | 12486 ||| Stepping ~*~*~tactically~*~*~ (stealth).
 12499 | D:10     | 12499 ||| Stepping ~*~*~tactically~*~*~ (hiding).
 12651 | D:10     | Found a hide-covered altar of Uskayaw.
 12690 | D:10     | Noticed a catoblepas
 12691 | D:10     | Noticed a five-headed hydra
 12692 | D:10     | Noticed a centaur warrior
 12693 | D:10     | 12693 ||| INVOKING Berserk.
 12701 | D:10     | Killed a catoblepas
 12702 | D:10     | Reached XP level 11. HP: 36/68 MP: 11/11
 12703 | D:10     | HP: 22/102 [seven-headed hydra (8)]
 12706 | D:10     | Slain by a nine-headed hydra

Levels and vault maps discovered:
D:1:      minmay_arrival_four_loops, layout_rooms,
          chequers_ecumenical_altar_simple_redux, serial_shops, shop
D:2:      layout_loops_ring, uniq_sigmund
D:3:      layout_basic, grunt_temple_overflow_forces_of_nature,
          grunt_ministairs_10
D:4:      layout_rooms, nicolae_ashenzari_panopticon
D:5:      layout_basic, mainiacjoe_overflow_alcove_4, minmay_temple_entry_tees
D:6:      layout_loops_cross, hangedman_minor_gate_pass
D:7:      layout_basic, general_overflow_altar, serial_shops,
          nicolae_diamond_shop, uniq_joseph
D:8:      layout_basic, enter_ossuary_4, chequers_serial_rivers_marsh,
          chequers_mini_garden, nrook_pool_corridor, serial_park_tiny_2,
          minivault_23
D:9:      layout_loops_corners, serial_shops, shop
D:10:     minmay_the_grid_4x2 [minmay_the_grid_embedded,
          minmay_the_grid_all_tris, minmay_the_grid_large_cup,
          minmay_the_grid_eight, minmay_the_grid_zigzag_pyramid,
          minmay_the_grid_square_x, minmay_the_grid_holed_spiral,
          minmay_the_grid_prize_inner_circle], layout_stronghold,
          nicolae_uskayaw_murder_on_the_dancefloor, erik_lair_orcish_takeover,
          enter_bailey_5, serial_shops, shop_statue, uniq_erica

Skill      XL: |  1  2  3  4  5  6  7  8  9 10 |
---------------+-------------------------------+-----
Axes           | 3 5 6 7 9 10 | 10.5
Fighting       | 4 5 7 8 |  8.1
Dodging        | 2 |  2.5
Armour         | 4 6 |  6.5
Throwing       | 1 2 |  2.6
Shields        | 8 |  8.3

Action                   |  1- 3 |  4- 6 |  7- 9 | 10-12 || total
-------------------------+-------+-------+-------+-------++-------
Melee: Hand axe          |   112 |   113 |   330 |   248 ||   803
       Punch             |     1 |     3 |     4 |     1 ||     9
       Broad axe         |       |       |       |    75 ||    75
Throw: Boomerang         |       |       |    11 |    48 ||    59
       Javelin           |       |       |       |     9 ||     9
Invok: Berserk           |     3 |     2 |    20 |     6 ||    31
  Use: Scroll            |     3 |     5 |     7 |     5 ||    20
       Potion            |       |     3 |     1 |     2 ||     6
Armor: Animal skin       |    34 |    16 |       |       ||    50
       Ring mail         |       |       |   146 |       ||   146
       Chain mail        |       |       |     2 |   208 ||   210
Dodge: Dodged            |    93 |    45 |   107 |   108 ||   353
Block: Kite shield       |       |       |       |   131 ||   131

Table legend:
 A = Non-vault XP
 B = Vault XP
 C = Vault XP percentage of total XP
 D = Non-vault monster count
 E = Vault monster count
 F = Vault count percentage of total count
                 A         B        C        D         E       F
            +---------+---------+-------+---------+---------+-------
      Total |    6849 |    2869 |  29.5 |     172 |      43 |  20.0
            +---------+---------+-------+---------+---------+-------
        D:1 |      52 |       0 |   0.0 |      26 |       0 |   0.0
        D:2 |      37 |     226 |  85.9 |      18 |       1 |   5.3
        D:3 |      33 |     126 |  79.2 |      15 |       1 |   6.2
        D:4 |     108 |       0 |   0.0 |      10 |       0 |   0.0
        D:5 |     846 |       0 |   0.0 |      26 |       0 |   0.0
        D:6 |    1166 |     218 |  15.8 |      13 |       4 |  23.5
        D:7 |    1248 |     434 |  25.8 |      22 |       1 |   4.3
        D:8 |    1472 |       2 |   0.1 |      14 |       2 |  12.5
        D:9 |    1266 |       0 |   0.0 |      25 |       0 |   0.0
       D:10 |     621 |    1211 |  66.1 |       3 |       6 |  66.7
    Ossuary |       0 |     652 | 100.0 |       0 |      28 | 100.0
            +---------+---------+-------+---------+---------+-------
